 Dungeon Crawl Stone Soup version 0.28-a0-1447-ga5a8893891 (webtiles) character file.

Game seed: 6355177826125990787

5811 innerfire433 the Basher (level 10, -11/62 (63) HPs)
             Began as a Demonspawn Monk on Jan 11, 2022.
             Was a High Priest of Hepliaklqana.
             Mangled by a boulder beetle (38 damage)
             ... on level 9 of the Dungeon.
             The game lasted 00:25:58 (8903 turns).

innerfire433 the Basher (Demonspawn Monk)           Turns: 8903, Time: 00:25:58

HP:   -11/62 (63)   AC: 12    Str: 20    XL:     10   Next: 50%
MP:   0/10          EV: 11    Int: 11    God:    Hepliaklqana [*****.]
Gold: 365           SH:  4    Dex: 26    Spells: 9/9 levels left

rFire   + . .      SeeInvis .   k - +8 mace "Emubad" {vorpal, Str+4 Dex+5}
rCold   + . .      Faith    .   (no shield)
rNeg    . . .      Spirit   +   B - +1 chain mail of the Land of Plenty {rF+ rC+ Dex+5}
rPois   +          Reflect  .   (helmet restricted)
rElec   .          Harm     .   A - +0 cloak
rCorr   .          Rampage  .   (no gloves)
Will    .....                   (no boots)
Stlth   ..........              (no amulet)
HPRegen 0.20/turn               l - ring of poison resistance
MPRegen 0.24/turn               (no ring)

@: lightly drained
A: reduced essence, claws 2, hooves 1, horns 1, magic shield, magic
regeneration, magic link, condensation shield
a: Renounce Religion, Recall Ancestor, Ancestor Identity, Transference, Idealise


You were on level 9 of the Dungeon.
You worshipped Hepliaklqana.
Hepliaklqana was extremely pleased with you.
You visited 1 branch of the dungeon, and saw 9 of its levels.

You collected 365 gold pieces.

Inventory:

Hand Weapons
 a - a +0 falchion
 f - a +2 whip of draining
 j - a +4 quarterstaff of chaos
 k - the +8 mace "Emubad" (weapon) {vorpal, Str+4 Dex+5}
   (You found it on level 6 of the Dungeon)

   It inflicts extra damage upon your enemies.
   Str:       It affects your strength (+4).
   Dex:       It affects your dexterity (+5).
 z - a +0 mace
 G - a +1 vorpal shortbow
Missiles
 H - 18 arrows
Armour
 b - a +0 robe
 d - a +0 leather armour
 e - a +1 chain mail
 A - a +0 cloak (worn)
 B - the +1 chain mail of the Land of Plenty (worn) {rF+ rC+ Dex+5}
   (You found it on level 7 of the Dungeon)

   Dex:       It affects your dexterity (+5).
   rF:        It protects you from fire.
   rC:        It protects you from cold.
Magical Staves
 q - a staff of cold
 r - a staff of poison
Jewellery
 l - a ring of poison resistance (left claw)
 p - a ring of resist corrosion
 u - a ring of ice
Wands
 i - a wand of digging (2)
 n - a wand of mindburst (4)
Scrolls
 c - 3 scrolls of vulnerability
 g - 4 scrolls of amnesia
 m - a scroll of noise
 o - 3 scrolls of blinking
 v - a scroll of teleportation
 y - a scroll of fear
 C - a scroll of magic mapping
 D - a scroll of enchant armour
Potions
 h - 2 potions of lignification
 s - a potion of cancellation
 t - a potion of ambrosia {unknown}
 w - a potion of mutation {unknown}
 x - a potion of attraction {unknown}
 E - a potion of flight
 F - a potion of haste
 I - a potion of magic


   Skills:
 - Level 3.2 Fighting
 - Level 3.1 Long Blades
 + Level 11.5 Maces & Flails
 - Level 6.2 Armour
 + Level 5.4 Dodging
 - Level 1.8 Stealth
 + Level 3.1 Shields


You had 9 spell levels left.
You didn't know any spells.
Your spell library contained the following spells:

 Spells                   Type           Power      Damage    Failure   Level
 Magic Dart               Conj           0%         1d3       97%         1
 Searing Ray              Conj           0%         2d4       99%         2
 Fulminant Prism          Conj/Hex       0%         3d6       100%        4


Dungeon Overview and Level Annotations

Branches:
Dungeon (9/15)             Temple (0/1) D:6            Lair (0/6) D:8
    Orc: D:9-12

Altars:
Dithmenos
Elyvilon
Fedhas
Hepliaklqana
Uskayaw
Vehumet
Yredelemnul
Zin

Shops:
D:7 ?


Innate Abilities, Weirdness & Mutations

Your life essence is reduced to manifest your ancestor. (-10% HP)
You have very sharp fingernails.
You have large cloven feet.
You have a pair of small horns on your head.
When hurt, damage is shared between your health and your magic reserves.
You regenerate magic rapidly.
When low on magic, you restore magic in place of health.
A meltable shield of frost defends you. (SH +4)


Message History

a +0 club; 5 poisoned darts The boulder beetle bites Tihomir!!
Tihomir hits the boulder beetle with a +0 flail!
Things that are here:
a +0 club; 6 poisoned darts Tihomir blocks the boulder beetle's attack.
Tihomir hits the boulder beetle but does no damage.
Items here: ( )) †.
Okay, then.
The boulder beetle bites Tihomir but does no damage.
Tihomir hits the boulder beetle but does no damage.
Tihomir blocks the boulder beetle's attack.
Tihomir hits the boulder beetle but does no damage.
The boulder beetle bites Tihomir but does no damage.
Tihomir hits the boulder beetle but does no damage.
Tihomir blocks the boulder beetle's attack.
Tihomir hits the boulder beetle but does no damage.
The boulder beetle bites Tihomir.
Tihomir hits the boulder beetle but does no damage.
The boulder beetle bites Tihomir but does no damage.
Tihomir hits the boulder beetle but does no damage.
The boulder beetle bites Tihomir!!
Tihomir is destroyed!
The boulder beetle bites you.
You thump the boulder beetle!
You kick the boulder beetle, but do no damage.
The boulder beetle is almost dead.
The boulder beetle bites you!
You hit the boulder beetle but do no damage.
You kick the boulder beetle, but do no damage.
You headbutt the boulder beetle, but do no damage.
The boulder beetle is almost dead.
The boulder beetle leaps!
The boulder beetle curls into a ball and begins rolling!
You barely miss the boulder beetle.
Your headbutt misses the boulder beetle.
The boulder beetle is almost dead.
The boulder beetle hits you!!!
Ouch! That really hurt!
You die...

#..#.# #..#.#
#############..#.#
#......>...)...#.######
#.....°..))###.#.......
#.....°.>.)# #..#######
#..<..°....# #.........
#.....B....# ######.###
#.....@....# #.#
#..........# #.#
#..........# #.#
#..........# #.#
#..........# #.#
#..........# #.#
#..........# #.#
#..........# #.#
#..........# #.#


You could see a boulder beetle (rolling).

Vanquished Creatures
  A two-headed ogre (D:5)
  A wyvern (D:8)
  5 yaks
  3 steam dragons (D:7)
  An acid dragon (D:9)
  3 water moccasins (D:8)
  2 black bears
  6 necrophages
  A centaur (D:8)
  A kobold brigand (D:7)
  2 bullfrogs (D:8)
  A water moccasin zombie (D:6)
  A water moccasin skeleton (D:4)
  Dowan (D:6)
  4 wights (D:8)
  A jelly (D:5)
  2 centaur zombies
  5 orc priests
  Crazy Yiuf (D:6)
  A centaur skeleton (D:4)
  3 orc wizards
  A killer bee zombie (D:7)
  A howler monkey skeleton (D:7)
  5 gnolls
  2 adders
  A shadow imp (D:6)
  A white imp (D:8)
  An ufetubus (D:7)
  A worm (D:2)
  4 dart slugs
  10 orcs
  An endoplasm (D:1)
  4 giant cockroaches
  7 goblins
  6 hobgoblins
  A jackal (D:4)
  8 quokkas
  A ball python (D:2)
  3 bats
  6 frilled lizards
  14 kobolds
  A rat (D:1)
125 creatures vanquished.

Vanquished Creatures (collateral kills)
  An unseen horror (D:6)
  Duvessa (D:6)
  A water moccasin (D:8)
  An ice beast (D:6)
  2 sky beasts
  2 black bears
  A centaur (D:6)
  A kobold brigand (D:9)
  A bullfrog (D:8)
  A wyvern zombie (D:7)
  A bullfrog zombie (D:5)
  A centaur zombie (D:7)
  4 orc priests
  A bullfrog skeleton (D:4)
  A hound (D:4)
  An iguana (D:5)
  6 orc wizards
  A hound skeleton (D:5)
  A gnoll (D:6)
  2 adders
  A white imp (D:7)
  An ufetubus (D:5)
  A worm (D:3)
  13 orcs
  An endoplasm (D:4)
  4 giant cockroaches
  4 goblins
  3 jackals
  3 quokkas
  A bat (D:2)
  6 kobolds
  2 rats
  A bush (D:7)
72 creatures vanquished.

Vanquished Creatures (others)
  A knight (D:9)
  28 fungi (D:8)
  52 plants
81 creatures vanquished.

Grand Total: 278 creatures vanquished

Notes
Turn   | Place    | Note
-------+----------+-------------------------------------------
     0 | D:1      | innerfire433 the Demonspawn Monk began the quest for the
                  | Orb.
     0 | D:1      | Reached XP level 1. HP: 18/18 MP: 1/1
   316 | D:1      | Discovered your monstrous ancestry.
   316 | D:1      | Gained mutation: You have a pair of small horns on your
                  | head. [demonic ancestry]
   316 | D:1      | Reached XP level 2. HP: 24/24 MP: 2/2
   384 | D:1      | Found a faded altar of an unknown god.
   390 | D:1      | Prayed at the altar of an unknown god.
   390 | D:1      | Became a worshipper of Hepliaklqana the Forgotten
   390 | D:1      | Reached * piety under Hepliaklqana
   390 | D:1      | Reached ** piety under Hepliaklqana
   810 | D:1      | Gained mutation: You regenerate magic rapidly. [demonic
                  | ancestry]
   810 | D:1      | Reached XP level 3. HP: 24/26 MP: 3/3
   881 | D:1      | Reached *** piety under Hepliaklqana
  1411 | D:2      | Reached skill level 1 in Maces & Flails
  1723 | D:2      | Remembered your ancestor Tihomir as a knight
  2092 | D:3      | Gained mutation: You have sharp fingernails. [demonic
                  | ancestry]
  2092 | D:3      | Reached XP level 4. HP: 26/31 MP: 4/4
  2456 | D:4      | Reached skill level 2 in Maces & Flails
  2456 | D:4      | Reached skill level 1 in Armour
  2518 | D:4      | Gained mutation: When hurt, damage is shared between your
                  | health and your magic reserves. [demonic ancestry]
  2518 | D:4      | Reached XP level 5. HP: 32/36 MP: 5/5
  2702 | D:4      | Noticed a black bear
  2712 | D:4      | Killed a black bear
  2713 | D:4      | Reached skill level 3 in Maces & Flails
  2713 | D:4      | Gained mutation: You have very sharp fingernails. [demonic
                  | ancestry]
  2713 | D:4      | Reached XP level 6. HP: 36/42 MP: 6/6
  2799 | D:4      | Reached **** piety under Hepliaklqana
  3060 | D:4      | Found a basalt altar of Yredelemnul.
  3348 | D:5      | Entered Level 5 of the Dungeon
  3352 | D:5      | Reached skill level 4 in Maces & Flails
  3372 | D:5      | Noticed a sky beast
  3384 | D:5      | Killed a sky beast
  3388 | D:5      | Gained mutation: A meltable shield of frost defends you.
                  | (SH +4) [demonic ancestry]
  3388 | D:5      | Reached XP level 7. HP: 28/46 MP: 7/7
  3563 | D:5      | Found a radiant altar of Vehumet.
  3570 | D:5      | Reached skill level 5 in Maces & Flails
  3908 | D:5      | Noticed a two-headed ogre
  3918 | D:5      | Killed a two-headed ogre
  3919 | D:5      | Reached skill level 6 in Maces & Flails
  3919 | D:5      | Reached XP level 8. HP: 38/52 MP: 5/8
  3995 | D:5      | Reached skill level 7 in Maces & Flails
  4068 | D:5      | Reached skill level 5 in Armour
  4265 | D:5      | Noticed a +0 spear
  4266 | D:5      | Noticed a +0 short sword
  4266 | D:5      | Noticed a +0 dagger
  4267 | D:5      | Noticed a +0 dagger
  4267 | D:5      | Noticed a +0 spear
  4268 | D:5      | Noticed a +0 falchion
  4268 | D:5      | Noticed a +0 falchion
  4268 | D:5      | Noticed a +0 short sword
  4275 | D:5      | Found a hide-covered altar of Uskayaw.
  4794 | D:6      | Found a glowing drain.
  4874 | D:6      | Found a staircase to the Ecumenical Temple.
  4974 | D:6      | Found a shadowy altar of Dithmenos.
  4975 | D:6      | Found a hazy altar of Hepliaklqana.
  5041 | D:6      | Reached skill level 8 in Maces & Flails
  5246 | D:6      | Gained mutation: You have large cloven feet. [demonic
                  | ancestry]
  5246 | D:6      | Reached XP level 9. HP: 54/57 MP: 7/9
  5668 | D:6      | Killed an unseen horror
  5669 | D:6      | Reached skill level 9 in Maces & Flails
  5669 | D:6      | Reached skill level 1 in Shields
  5878 | D:6      | Reached ***** piety under Hepliaklqana
  5891 | D:6      | Noticed Duvessa
  5891 | D:6      | Noticed Dowan
  5899 | D:6      | Killed Dowan
  5906 | D:6      | Killed Duvessa
  6142 | D:6      | Found a runed translucent door.
  6143 | D:6      | Noticed Crazy Yiuf
  6149 | D:6      | Killed Crazy Yiuf
  6155 | D:6      | Identified the +8 mace "Emubad" {vorpal, Str+4 Dex+5}
  6482 | D:7      | Found Pijuadgh's Magic Scroll Shoppe.
  6973 | D:7      | Identified the +1 chain mail of the Land of Plenty {rF+ rC+
                  | Dex+5}
  7180 | D:7      | Reached skill level 10 in Maces & Flails
  7180 | D:7      | Reached skill level 5 in Dodging
  7428 | D:7      | Found a blossoming altar of Fedhas.
  7468 | D:7      | Gained mutation: When low on magic, you restore magic in
                  | place of health. [demonic ancestry]
  7468 | D:7      | Reached XP level 10. HP: 45/63 MP: 7/10
  7916 | D:8      | Reached skill level 11 in Maces & Flails
  8192 | D:8      | Found a staircase to the Lair.
  8860 | D:9      | Noticed a boulder beetle
  8903 | D:9      | Mangled by a boulder beetle

Illustrated notes

Levels and vault maps discovered:
D:1:      tarquinn_simple_flora_water_f, layout_loops_ring,
          ebering_ecumenical_altar_mist
D:2:      layout_basic, basic_altar, minivault_19, minmay_tromino_i4
D:3:      layout_basic, serial_bayou, serial_bayou_pond_e, serial_bayou_pond_a,
          serial_bayou_pond_c, serial_bayou_ford_a, kennysheep_generic_room_2
D:4:      layout_rooms, kennysheep_ying_yang
D:5:      layout_cave_pools, nicolae_uskayaw_en_pointe, fiery_altar_vehumet,
          nrook_mini_vaults, chequers_serial_rivers_small_a,
          supply_closet_lemuel, nicolae_figureground_sparkle
D:6:      layout_loops_ring, riverfiend_overflow_shadow_ancestor,
          minmay_temple_entry_tees, gup_sewer_entry_pipe,
          uniq_crazy_yiuf_cottage, uniq_duvessa
D:7:      layout_loops_ring, fedhas_altar_decomposition, serial_shops,
          nicolae_shop_statue_plus
D:8:      layout_gridville, due_lair_maze_entry_diamond, enter_bailey_3,
          nicolae_elevator_lobby_plus
D:9:      layout_long_grid, amcnicky_altar_gilded, serial_shops, shop,
          minivault_21, minmay_liquid_box, uniq_psyche, uniq_gastronok

Skill      XL: |  1  2  3  4  5  6  7  8  9 10 |
---------------+-------------------------------+-----
Long Blades    | 3 |  3.1
Dodging        | 3 4 5 |  5.4
Maces & Flails | 1 2 3 4 6 8 10 11 | 11.5
Armour         | 1 2 3 4 5 6 |  6.2
Shields        | 2 3 |  3.1
Fighting       | |  3.2
Stealth        | |  1.8

Action                   |  1- 3 |  4- 6 |  7- 9 | 10-12 || total
-------------------------+-------+-------+-------+-------++-------
Melee: Falchion          |    34 |       |       |       ||    34
       Punch             |     4 |       |     3 |     2 ||     9
       Whip              |    71 |    68 |   194 |       ||   333
       Headbutt          |     9 |     8 |    60 |    18 ||    95
       Mace              |       |       |    59 |    90 ||   149
       Kick              |       |       |    42 |    27 ||    69
Invok: Ancestor Life: Kn |     1 |       |       |       ||     1
  Use: Scroll            |       |       |    12 |     5 ||    17
       Potion            |       |       |     7 |       ||     7
 Stab: Sleeping          |     5 |       |       |       ||     5
       Distracted        |     1 |       |     1 |       ||     2
Armor: Robe              |     9 |       |       |       ||     9
       Chain mail        |    29 |    42 |   104 |    41 ||   216
Dodge: Dodged            |    60 |    18 |    79 |    45 ||   202
Block: Other             |       |       |    27 |    20 ||    47

Table legend: (Time is in decaauts)
 A = Elapsed time spent in this place.
 B = Non-inter-level travel time spent in this place.
 C = Inter-level travel time spent in this place.
 D = Time resting spent in this place.
 E = Time spent auto-exploring this place.
 F = Levels seen in this place.
 G = Mean time per level.
                   A        B        C        D        E       F      G
               +--------+--------+--------+--------+--------+-----+--------+
         Total |   8866 |   8771 |     95 |      0 |   6646 |   9 |  985.1 |
       Dungeon |   8866 |   8771 |     95 |      0 |   6646 |   9 |  985.1 |
               +--------+--------+--------+--------+--------+-----+--------+

Top non-repeatable levels by time:
     D:6: 1491 daAuts
     D:7: 1395 daAuts
     D:5: 1378 daAuts
     D:1: 1113 daAuts
     D:8: 1103 daAuts
     D:4: 895 daAuts
     D:3: 745 daAuts
     D:2: 620 daAuts
     D:9: 122 daAuts
